[Event "Stadtmeisterschaft Ulm/Neu-Ulm 2011"]
[Site "Ulm"]
[Date "2011.09.30"]
[Round "2"]
[White "Wolf, Rainer"]
[Black "Lüdke, Joshua"]
[Result "0-1"]
[ECO "A00"]
[WhiteElo "1976"]
[BlackElo "1700"]
[Annotator ",Fred"]
[PlyCount "64"]
[EventDate "2011.09.16"]
[TimeControl "40/7200:20/3600:1800"]

1. g3 d5 2. Bg2 f5 3. d3 Nf6 4. a3 e5 5. b4 c6 6. Bb2 Bd6 7. Nd2 O-O 8. e4 a5
9. c3 Qb6 10. exd5 cxd5 11. Ngf3 e4 12. dxe4 fxe4 13. Nd4 Bg4 14. Qb3 a4 15.
Qa2 Kh8 16. c4 Be5 17. c5 Qa6 18. Bf1 b5 19. Bxb5 Qc8 20. Bf1 Bxd4 21. Bxd4 Qf5
22. Qb2 Nc6 23. h3 Nxd4 24. Qxd4 e3 25. hxg4 Qxf2+ 26. Kd1 e2+ 27. Bxe2 Qxd4
28. Kc2 Ne4 29. Nxe4 dxe4 30. Rad1 Qf2 31. Rde1 Rad8 32. c6 Qe3 0-1

[Event "Stadtmeisterschaft Ulm/Neu-Ulm 2011"]
[Site "Ulm"]
[Date "2011.09.30"]
[Round "2"]
[White "Goda, Frederic"]
[Black "Hörsch, Florian"]
[Result "1/2-1/2"]
[ECO "D02"]
[WhiteElo "1643"]
[BlackElo "1775"]
[Annotator ",Fred"]
[PlyCount "103"]
[EventDate "2011.09.16"]
[TimeControl "40/7200:20/3600:1800"]

1. d4 d5 2. Nf3 e6 3. Bf4 Nf6 4. e3 Nbd7 5. Bd3 Be7 6. Nbd2 O-O 7. Ne5 c5 8. c3
a6 9. Qf3 Re8 10. Qh3 Nf8 11. g4 Ng6 12. g5 Nd7 13. Ndf3 cxd4 14. Nxf7 Kxf7 15.
Qxh7 Ndf8 16. Qh5 Bd6 17. Nh4 e5 18. Bxg6+ Nxg6 19. Qxg6+ Kg8 20. Bg3 dxe3 21.
fxe3 d4 22. O-O-O Bg4 23. Nf5 Bxf5 24. Qxf5 dxc3 25. g6 Qb6 26. Qf7+ Kh8 27.
Qb3 cxb2+ 28. Kxb2 Qxb3+ 29. Kxb3 Bc5 30. Rd5 Bxe3 31. Bxe5 Rad8 32. Rhd1 Bg5
33. Bc3 Rxd5 34. Rxd5 Bf6 35. Bxf6 gxf6 36. h4 Kg7 37. h5 Kh6 38. Rf5 Re6 39.
a4 Rc6 40. Kb4 Kg7 41. Rc5 Kh6 42. a5 Re6 43. Rc7 Kxh5 44. g7 Re8 45. Rf7 Rg8
46. Rxf6 Rxg7 47. Kc5 Rg5+ 48. Kb6 Rb5+ 49. Ka7 Rxa5 50. Kxb7 Ra1 51. Rxa6 Rxa6
52. Kxa6 1/2-1/2

[Event "Stadtmeisterschaft Ulm/Neu-Ulm 2011"]
[Site "Ulm"]
[Date "2011.09.30"]
[Round "2"]
[White "Naafs, Uwe"]
[Black "Förderreuther, Jonas"]
[Result "0-1"]
[ECO "B24"]
[WhiteElo "1491"]
[BlackElo "1887"]
[Annotator ",Fred"]
[PlyCount "86"]
[EventDate "2011.09.16"]
[TimeControl "40/7200:20/3600:1800"]

1. e4 c5 2. Nc3 Nc6 3. g3 g6 4. Bg2 Bg7 5. Nge2 e6 6. d3 Nge7 7. f4 O-O 8. O-O
d5 9. e5 f5 10. exf6 Bxf6 11. Rb1 Rb8 12. a3 b5 13. b4 Qb6 14. Kh1 Nf5 15. Bd2
h5 16. Qc1 Kg7 17. Nd1 Nce7 18. Re1 cxb4 19. axb4 Rh8 20. Nec3 h4 21. Ne3 hxg3
22. Nxf5+ Nxf5 23. h3 Bb7 24. Nd1 d4 25. Re4 Bxe4 26. dxe4 Nh4 27. Nb2 Nxg2 28.
Kxg2 Qb7 29. Qf1 Rbc8 30. Rc1 Rh5 31. Nd3 Be7 32. Qe2 Rch8 33. Rh1 Bd6 34. Kxg3
Qc6 35. Bc1 Rc8 36. Rh2 Qc4 37. Qg4 Rch8 38. Bb2 Kf7 39. Qf3 Rg5+ 40. Kf2 Qxc2+
41. Kf1 Qxh2 42. Bc1 Rgh5 43. e5 Be7 0-1

[Event "Stadtmeisterschaft Ulm/Neu-Ulm 2011"]
[Site "Ulm"]
[Date "2011.09.30"]
[Round "2"]
[White "Hoffart, Alexander"]
[Black "Frank, Matthias"]
[Result "1-0"]
[ECO "B18"]
[WhiteElo "1802"]
[BlackElo "1458"]
[Annotator ",Fred"]
[PlyCount "85"]
[EventDate "2011.09.16"]
[TimeControl "40/7200:20/3600:1800"]

1. e4 c6 2. d4 d5 3. Nc3 dxe4 4. Nxe4 Bf5 5. Ng3 Bg6 6. Nf3 Nd7 7. Bd3 Bxd3 8.
Qxd3 Ngf6 9. O-O e6 10. Bg5 Be7 11. Rfd1 O-O 12. Qb3 Qb6 13. Qxb6 Nxb6 14. Ne5
h6 15. Bxf6 Bxf6 16. Ne4 Rfd8 17. Nxf6+ gxf6 18. Nf3 Re8 19. Re1 Rad8 20. Re2
Nd7 21. Rae1 e5 22. g4 Kf8 23. c3 exd4 24. cxd4 Rxe2 25. Rxe2 Nb6 26. Re4 Kg7
27. Nh4 Nd5 28. Kf1 Nb4 29. a3 Nd3 30. b4 Nb2 31. Re7 Kf8 32. Nf5 Rxd4 33. Rxb7
Re4 34. Rxa7 Nc4 35. Ra8+ Re8 36. Rxe8+ Kxe8 37. a4 Kd7 38. Ke2 Kc7 39. Nxh6
Nd6 40. Ng8 Ne4 41. h4 Nc3+ 42. Kf3 Nd5 43. h5 1-0

[Event "Stadtmeisterschaft Ulm/Neu-Ulm 2011"]
[Site "Ulm"]
[Date "2011.09.30"]
[Round "2"]
[White "Fleischer, Frank"]
[Black "Kuhn, Klaus-Peter"]
[Result "1-0"]
[ECO "C63"]
[WhiteElo "2140"]
[BlackElo "1417"]
[Annotator ",Fred"]
[PlyCount "79"]
[EventDate "2011.09.16"]
[TimeControl "40/7200:20/3600:1800"]

1. e4 e5 2. Nf3 Nc6 3. Bb5 f5 4. d3 Nf6 5. Nc3 fxe4 6. Nxe4 d5 7. Nc3 Bb4 8.
Nxe5 O-O 9. Bxc6 bxc6 10. d4 Qe8 11. O-O Bd6 12. f4 c5 13. Re1 cxd4 14. Qxd4 c6
15. Bd2 Nd7 16. Nxc6 Bc5 17. Rxe8 Bxd4+ 18. Nxd4 Rxe8 19. Nxd5 Rb8 20. b3 Nb6
21. Nc6 Rb7 22. Nxb6 axb6 23. Ne5 Bf5 24. c4 Re6 25. Kf2 g5 26. Re1 g4 27. Bc3
h5 28. Rd1 Rbe7 29. Ke3 Kg7 30. Rd2 Kh6 31. a4 h4 32. a5 Ra7 33. Rd5 bxa5 34.
Bxa5 Rea6 35. b4 Be6 36. Rd2 Ra8 37. Ke4 Re8 38. c5 Bc4 39. Kd4 Rd8+ 40. Bxd8
1-0

[Event "Stadtmeisterschaft Ulm/Neu-Ulm 2011"]
[Site "Ulm"]
[Date "2011.09.30"]
[Round "2"]
[White "Grosse, Manfred"]
[Black "Kühn, Bernd"]
[Result "1-0"]
[ECO "B28"]
[WhiteElo "1846"]
[BlackElo "1662"]
[Annotator ",Fred"]
[PlyCount "85"]
[EventDate "2011.09.16"]
[TimeControl "40/7200:20/3600:1800"]

1. e4 c5 2. Nf3 a6 3. d4 cxd4 4. Nxd4 Nf6 5. e5 Qa5+ 6. Nc3 Qxe5+ 7. Be3 e6 8.
Qf3 Bb4 9. Bd3 Nc6 10. Nxc6 Bxc3+ 11. bxc3 Qxc3+ 12. Ke2 Qxc6 13. Qg3 Rg8 14.
c4 d6 15. Rhb1 Ne4 16. Bxe4 Qxe4 17. Qxd6 Qxc4+ 18. Ke1 Qd5 19. Qg3 Bd7 20. Kf1
O-O-O 21. Kg1 Bc6 22. f3 e5 23. Ba7 f5 24. Rd1 Qxd1+ 25. Rxd1 Rxd1+ 26. Kf2
Rgd8 27. Qxe5 R8d2+ 28. Kg3 g6 29. Bb6 Kd7 30. Qg7+ Ke6 31. Qg8+ Kf6 32. Qxh7
Rd7 33. Qh8+ Kf7 34. h4 R1d2 35. Be3 Rxa2 36. Qh7+ Kf6 37. Bg5+ Ke5 38. Qxg6
Ra4 39. Qf6+ Kd5 40. h5 Kc5 41. h6 Kb5 42. Qxf5+ Rd5 43. Qxd5+ 1-0

[Event "Stadtmeisterschaft Ulm/Neu-Ulm 2011"]
[Site "Ulm"]
[Date "2011.09.30"]
[Round "2"]
[White "Fett, Sabine"]
[Black "Jahn, Manfred"]
[Result "1-0"]
[ECO "B02"]
[WhiteElo "1618"]
[BlackElo "1705"]
[Annotator ",Fred"]
[PlyCount "71"]
[EventDate "2011.09.16"]
[TimeControl "40/7200:20/3600:1800"]

1. e4 Nf6 2. e5 Nd5 3. Bc4 Nb6 4. Bb3 e6 5. d4 d5 6. Be3 Nc6 7. c3 Be7 8. Qg4
g6 9. Bc2 Nc4 10. Bc1 b5 11. b3 Nb6 12. Qe2 Bd7 13. Nf3 b4 14. c4 dxc4 15. bxc4
Bc8 16. Be3 O-O 17. O-O a5 18. Be4 Bb7 19. Bxc6 Bxc6 20. Nbd2 Bb7 21. Rfd1 Ba6
22. Rac1 Nd5 23. Ne4 Nxe3 24. fxe3 Qb8 25. Qf2 Qb7 26. Nf6+ Bxf6 27. exf6 Qe4
28. Ne5 Rfd8 29. Qg3 Bb7 30. Nxf7 Kxf7 31. Qxc7+ Kxf6 32. Rf1+ Kg5 33. Qe7+ Kh6
34. Rf3 g5 35. Rh3+ Kg6 36. Qxh7+ 1-0

[Event "Stadtmeisterschaft Ulm/Neu-Ulm 2011"]
[Site "Ulm"]
[Date "2011.09.30"]
[Round "2"]
[White "Simo von Koschitzky, Ignacio"]
[Black "Borowsky, Bernd"]
[Result "0-1"]
[ECO "A46"]
[WhiteElo "1460"]
[BlackElo "1249"]
[Annotator ",Fred"]
[PlyCount "96"]
[EventDate "2011.09.16"]
[TimeControl "40/7200:20/3600:1800"]

1. Nf3 Nf6 2. d4 c6 3. Nbd2 d5 4. Ne5 Bf5 5. e3 Nbd7 6. Ndf3 h6 7. Be2 e6 8.
O-O Bd6 9. Nh4 Bh7 10. f4 Qc7 11. c3 O-O 12. Qe1 Ne4 13. Nhf3 Ndf6 14. h3 Nh5
15. Kh2 Nhg3 16. Rg1 Nxe2 17. Qxe2 Rae8 18. Qe1 Be7 19. Bd2 c5 20. Rc1 b6 21.
b4 c4 22. Qe2 Nf6 23. Be1 Nd7 24. Bg3 Bd6 25. Nh4 Nf6 26. Nhf3 Ne4 27. Bh4 b5
28. Ne1 f6 29. Ng4 Bxf4+ 30. Kh1 Bg3 31. Nxh6+ gxh6 32. Qg4+ Kh8 33. Rf1 Bxh4
34. Kg1 Bxe1 35. Rfxe1 Rg8 36. Qh4 Qg7 37. Re2 Qg5 38. Qe1 Qg3 39. Qxg3 Rxg3
40. Rcc2 Reg8 41. Kf1 Nd6 42. Rb2 Bd3 43. a3 Bxe2+ 44. Rxe2 Ne4 45. Rc2 Rxe3
46. g4 Rxh3 47. Kg2 Rg3+ 48. Kh2 R8xg4 0-1

[Event "Stadtmeisterschaft Ulm/Neu-Ulm 2011"]
[Site "Ulm"]
[Date "2011.09.30"]
[Round "2"]
[White "Neidlinger, Markus"]
[Black "Ranade, Kedar"]
[Result "1-0"]
[ECO "C50"]
[WhiteElo "2084"]
[BlackElo "1519"]
[Annotator ",Fred"]
[PlyCount "91"]
[EventDate "2011.09.16"]
[TimeControl "40/7200:20/3600:1800"]

1. e4 e5 2. Nf3 Nc6 3. Bc4 Bc5 4. d4 exd4 5. Ng5 Ne5 6. Nxf7 Nxf7 7. Bxf7+ Kxf7
8. Qh5+ g6 9. Qxc5 Nf6 10. Qxd4 Re8 11. Nc3 Qe7 12. O-O d6 13. Bg5 c6 14. Rad1
Qe5 15. Bxf6 Kxf6 16. Qxd6+ Qxd6 17. Rxd6+ Ke5 18. Rfd1 Be6 19. g3 Kf6 20. f4
Ke7 21. Kf2 Rad8 22. Rxd8 Rxd8 23. Rxd8 Kxd8 24. Kf3 h5 25. f5 gxf5 26. e5 h4
27. gxh4 Ke7 28. Kf4 Kf7 29. h5 Kg7 30. Kg5 f4 31. h6+ Kh7 32. Kf6 Bd7 33. e6
Be8 34. Kg5 f3 35. Nd1 a5 36. Nf2 b5 37. a3 c5 38. c3 Bg6 39. e7 Be8 40. Ng4
Kg8 41. Kf5 Bc6 42. Ke5 Be8 43. Kd6 c4 44. Kc7 Bh5 45. Kd8 Kh7 46. Nf6+ 1-0

[Event "Stadtmeisterschaft Ulm/Neu-Ulm 2011"]
[Site "Ulm"]
[Date "2011.10.07"]
[Round "2"]
[White "Kelemen, Alexander"]
[Black "Gebhardt, Uwe"]
[Result "1/2-1/2"]
[ECO "A42"]
[WhiteElo "1618"]
[BlackElo "1976"]
[Annotator ",Fred"]
[PlyCount "77"]
[EventDate "2011.09.16"]
[TimeControl "40/7200:20/3600:1800"]

1. e4 g6 2. d4 Bg7 3. c4 d6 4. Nc3 Nc6 5. Be3 e5 6. d5 Nce7 7. g4 f5 8. gxf5
gxf5 9. Qh5+ Kf8 10. Bg5 f4 11. Bh3 Qe8 12. Qxe8+ Kxe8 13. Nb5 Kd8 14. Bxc8
Kxc8 15. Nf3 a6 16. Nc3 Kd7 17. Bxe7 Nxe7 18. Ng5 Bf6 19. Ne6 Rag8 20. Ke2 Ng6
21. Rag1 Nh4 22. f3 Ng2 23. Nd1 Rg6 24. Kf1 Rhg8 25. Nf8+ Rxf8 26. Rxg2 Rxg2
27. Kxg2 b5 28. cxb5 axb5 29. Nc3 b4 30. Na4 Bh4 31. Rg1 Rg8+ 32. Kf1 Rxg1+ 33.
Kxg1 c6 34. Kf1 Bd8 35. Ke2 Kc7 36. Kd3 Bh4 37. Kc4 c5 38. Kb5 Bf2 39. Nb6
1/2-1/2

[Event "Stadtmeisterschaft Ulm/Neu-Ulm 2011"]
[Site "Ulm"]
[Date "2011.09.30"]
[Round "2"]
[White "Deissler, Helmut"]
[Black "Baumann, Tobias"]
[Result "1-0"]
[ECO "A11"]
[WhiteElo "1882"]
[BlackElo "1621"]
[Annotator ",Fred"]
[PlyCount "75"]
[EventDate "2011.09.16"]
[TimeControl "40/7200:20/3600:1800"]

1. Nf3 d5 2. c4 c6 3. g3 Nf6 4. Bg2 dxc4 5. Qc2 b5 6. b3 cxb3 7. axb3 Qc7 8. d4
e6 9. O-O Be7 10. Ne5 Bb7 11. e4 O-O 12. Bf4 Bd6 13. Nd3 Bxf4 14. Nxf4 Rd8 15.
e5 Ne8 16. Nc3 Qb6 17. Nfe2 Na6 18. Ne4 Nb4 19. Qc1 Rac8 20. Qa3 Na6 21. b4 Ra8
22. Kh1 Nac7 23. Nc5 Nd5 24. f4 Ne7 25. g4 Bc8 26. Be4 g6 27. Qc3 Nc7 28. Rg1
Ncd5 29. Qd2 Qc7 30. Rg3 Nb6 31. Rh3 Nc4 32. Qe1 Kg7 33. Qh4 Rh8 34. Qh6+ Kg8
35. Bc2 a5 36. Ne4 Nd5 37. Nf6+ Nxf6 38. exf6 1-0

[Event "Stadtmeisterschaft Ulm/Neu-Ulm 2011"]
[Site "Ulm"]
[Date "2011.09.30"]
[Round "2"]
[White "Lell, Stephan"]
[Black "Vetter, Robert"]
[Result "0-1"]
[ECO "D00"]
[WhiteElo "1605"]
[BlackElo "1804"]
[Annotator ",Fred"]
[PlyCount "94"]
[EventDate "2011.09.16"]
[TimeControl "40/7200:20/3600:1800"]

1. d4 d5 2. Bf4 Nf6 3. e3 c6 4. Bd3 Bg4 5. f3 Bh5 6. c3 e6 7. Ne2 Bg6 8. Ng3
Nh5 9. Nxh5 Bxh5 10. O-O Bd6 11. Bxd6 Qxd6 12. Nd2 Nd7 13. e4 dxe4 14. Nxe4 Qc7
15. Re1 O-O 16. Qc2 Bg6 17. Ng5 Bxd3 18. Qxd3 Nf6 19. Re5 Rad8 20. Qc2 g6 21.
Qf2 Kg7 22. Rae1 h6 23. Nh3 Rd5 24. Nf4 Ra5 25. a3 Nd7 26. Rxa5 Qxa5 27. Qg3
Nf6 28. Re5 Qb6 29. Re2 Re8 30. Nd3 Qb3 31. Qe1 Nd7 32. Rd2 Qd5 33. Ne5 Nf6 34.
Qe2 Rd8 35. Qc4 Qd6 36. Nd3 Qc7 37. Re2 Nd7 38. Nc5 Nb6 39. Qb3 Re8 40. Nd3 Nd5
41. Qc2 b6 42. Ne5 Nf6 43. Nd3 Rd8 44. Kf1 Rd6 45. g3 Nd7 46. Ne5 Nf6 47. Qd3
Qd8 0-1

[Event "Stadtmeisterschaft Ulm/Neu-Ulm 2011"]
[Site "Ulm"]
[Date "2011.09.30"]
[Round "2"]
[White "Lepschi, Albert"]
[Black "Schmidt, Waldemar"]
[Result "1/2-1/2"]
[ECO "E76"]
[WhiteElo "1768"]
[BlackElo "1615"]
[Annotator ",Fred"]
[PlyCount "113"]
[EventDate "2011.09.16"]
[TimeControl "40/7200:20/3600:1800"]

1. d4 g6 2. c4 Bg7 3. Nc3 c5 4. d5 d6 5. e4 Nf6 6. f4 O-O 7. Nf3 b5 8. cxb5 a6
9. Bd2 axb5 10. Bxb5 Qb6 11. Qe2 Ba6 12. Bxa6 Nxa6 13. O-O Ne8 14. Rab1 Nb4 15.
a3 Nc2 16. Rfc1 Nd4 17. Nxd4 Bxd4+ 18. Be3 Bxe3+ 19. Qxe3 Qb3 20. Nd1 Qxe3+ 21.
Nxe3 Nf6 22. Rc4 Rfb8 23. e5 Nd7 24. Rc3 Rb7 25. exd6 exd6 26. Nc4 Ra6 27. b4
Nf6 28. b5 Nxd5 29. bxa6 Rxb1+ 30. Kf2 Rb8 31. Rd3 Nxf4 32. Rxd6 Ra8 33. Rc6
Ra7 34. Nd6 Ne6 35. Nb5 Ra8 36. a7 Kg7 37. Rb6 Kf6 38. Rb7 Ke5 39. Ke3 f5 40.
g3 g5 41. Nc7 Nxc7 42. Rxc7 f4+ 43. gxf4+ gxf4+ 44. Kf3 Kd4 45. Rxh7 c4 46.
Rd7+ Kc3 47. Kxf4 Kb2 48. Rb7+ Kc2 49. Ke3 c3 50. Rd7 Kc1 51. Kd3 c2 52. Ke2
Re8+ 53. Kd3 Rc8 54. Rb7 Rd8+ 55. Ke2 Re8+ 56. Kd3 Rd8+ 57. Ke2 1/2-1/2

[Event "Stadtmeisterschaft Ulm/Neu-Ulm 2011"]
[Site "Ulm"]
[Date "2011.09.30"]
[Round "2"]
[White "Topalovic, Ljubisav"]
[Black "Schneider, Jürgen"]
[Result "0-1"]
[ECO "C29"]
[WhiteElo "1468"]
[BlackElo "1713"]
[Annotator ",Fred"]
[PlyCount "54"]
[EventDate "2011.09.16"]
[TimeControl "40/7200:20/3600:1800"]

1. e4 e5 2. Nc3 Nf6 3. f4 exf4 4. d4 d6 5. Bxf4 Be7 6. Nf3 O-O 7. Be2 Re8 8.
O-O Bg4 9. e5 Nh5 10. Bd2 dxe5 11. dxe5 Nc6 12. Kh1 Bh4 13. Nxh4 Bxe2 14. Qxe2
Qxh4 15. Qf2 Qxf2 16. Rxf2 Nxe5 17. b3 Rad8 18. Bg5 Ng4 19. Bxd8 Nxf2+ 20. Kg1
Nh3+ 21. gxh3 Rxd8 22. Re1 Kf8 23. Kg2 Rd2+ 24. Kg1 Nf4 25. Rc1 Nxh3+ 26. Kh1
Ng5 27. Nb5 Nf3 0-1

[Event "Stadtmeisterschaft Ulm/Neu-Ulm 2011"]
[Site "Ulm"]
[Date "2011.09.30"]
[Round "2"]
[White "Sander, Lucia"]
[Black "Andritzke, Karl-Heinz"]
[Result "0-1"]
[ECO "A46"]
[WhiteElo "1709"]
[BlackElo "1470"]
[Annotator ",Fred"]
[PlyCount "78"]
[EventDate "2011.09.16"]
[TimeControl "40/7200:20/3600:1800"]

1. d4 Nf6 2. Nf3 e6 3. a3 c5 4. dxc5 Bxc5 5. b4 Be7 6. c4 O-O 7. Nc3 a5 8. b5
b6 9. e4 Bb7 10. Qc2 Ne8 11. Bd3 g6 12. Bh6 Ng7 13. O-O d6 14. Rad1 Nd7 15. Be2
Rc8 16. a4 Qc7 17. Qb2 Bf6 18. Bg5 Bxg5 19. Nxg5 h6 20. Nh3 Ne5 21. Qd2 Nxc4
22. Qxh6 f6 23. Rd3 Ne5 24. Rg3 Qxc3 25. Rxc3 Rxc3 26. f4 Nc4 27. Qxg6 Nd2 28.
Rd1 Bxe4 29. Qg4 Bf5 30. Qh4 Rc2 31. g4 Be4 32. Qg3 Rfc8 33. Qe1 Nf3+ 34. Bxf3
Bxf3 35. Rb1 Rg2+ 36. Kf1 Rcc2 37. Qe3 Bd5 38. Ke1 Rxh2 39. Kd1 Rcg2 0-1

[Event "Stadtmeisterschaft Ulm/Neu-Ulm 2011"]
[Site "Ulm"]
[Date "2011.10.07"]
[Round "2"]
[White "Kromer, Thomas"]
[Black "Radovic, Miodrag"]
[Result "1-0"]
[ECO "D37"]
[WhiteElo "1702"]
[BlackElo "1433"]
[Annotator ",Fred"]
[PlyCount "121"]
[EventDate "2011.09.16"]
[TimeControl "40/7200:20/3600:1800"]

1. d4 d5 2. Nf3 Nf6 3. c4 e6 4. Nc3 a6 5. Bg5 Be7 6. e3 dxc4 7. Bxc4 b5 8. Bd3
Bb7 9. O-O Nbd7 10. Rc1 Rc8 11. Bb1 O-O 12. b4 Nd5 13. Bxe7 Qxe7 14. Nxd5 Bxd5
15. a3 a5 16. Qd3 g6 17. Qxb5 axb4 18. Qxb4 Qf6 19. e4 Ba8 20. Qd2 Qg7 21. Qe3
Nf6 22. h3 Rfd8 23. Rc3 Ne8 24. Rfc1 Qf8 25. Qf4 Nd6 26. Rxc7 Rxc7 27. Rxc7 Nb5
28. Rc1 Nxd4 29. Nxd4 Rxd4 30. Qe3 Qd8 31. Qc3 Bb7 32. Bc2 Ba6 33. Rb1 Rc4 34.
Qb2 Qd7 35. Rd1 Qc7 36. Qf6 Rxc2 37. Rd8+ Qxd8 38. Qxd8+ Kg7 39. Qd4+ Kg8 40.
Qd6 Bc8 41. a4 Kg7 42. a5 Ra2 43. Kh2 h6 44. Qd4+ Kh7 45. Qc4 Rxa5 46. Qxc8 Ra2
47. Qc5 Kg7 48. f3 g5 49. Qe5+ Kg6 50. Qh8 Ra6 51. e5 Ra7 52. Qf6+ Kh7 53. Kg3
Rd7 54. h4 g4 55. Kxg4 Rd4+ 56. Kh5 Rd7 57. Qxh6+ Kg8 58. Kg5 f6+ 59. Kxf6 Rh7
60. Qxh7+ Kxh7 61. Kxe6 1-0

[Event "Stadtmeisterschaft Ulm/Neu-Ulm 2011"]
[Site "Ulm"]
[Date "2011.10.09"]
[Round "2"]
[White "Späth, Gerhard"]
[Black "Brischar, Rolf"]
[Result "1-0"]
[ECO "C05"]
[WhiteElo "1679"]
[BlackElo "1260"]
[Annotator ",Fred"]
[PlyCount "126"]
[EventDate "2011.09.16"]
[TimeControl "40/7200:20/3600:1800"]

1. e4 e6 2. d4 d5 3. Nd2 Nf6 4. Bd3 c5 5. e5 Nfd7 6. c3 Nc6 7. Ne2 Be7 8. O-O
c4 9. Bc2 f6 10. Nf4 Nf8 11. Qh5+ Kd7 12. exf6 Bxf6 13. Re1 Kc7 14. Nf3 Bd7 15.
Qf7 Kb8 16. Nxd5 Be8 17. Bf4+ e5 18. Qc7+ Qxc7 19. Nxc7 Kxc7 20. dxe5 Ne6 21.
Bg3 Be7 22. Bf5 Bf7 23. Re4 g6 24. Bh3 h5 25. Rxc4 b5 26. Re4 Kb6 27. Nd4 Ng5
28. Nxc6 Nxe4 29. Nxe7 Nxg3 30. hxg3 Rhe8 31. e6 Rxe7 32. exf7 Rxf7 33. Rd1
Raf8 34. f4 g5 35. Be6 Rf6 36. f5 Rh8 37. Rd6+ Kc7 38. Rd7+ Kb6 39. Rg7 g4 40.
b4 a6 41. Bd5 Rb8 42. Rg6 Rbf8 43. Rg7 Rb8 44. Be4 Rh6 45. Kf2 a5 46. Ke3 axb4
47. cxb4 Rhh8 48. Kf4 Rhc8 49. Rg6+ Ka7 50. Kg5 Rc4 51. Bd5 Rxb4 52. Kxh5 Rh8+
53. Kg5 Rd4 54. Bb3 Rd2 55. f6 Rxg2 56. Kxg4 Rgh2 57. f7 Rf8 58. Kg5 Rh3 59.
Kf6 Rh7 60. Rg7 Rh6+ 61. Ke7 Rb8 62. f8=Q Rb7+ 63. Ke8 Rh8 1-0

[Event "Stadtmeisterschaft Ulm/Neu-Ulm 2011"]
[Site "Ulm"]
[Date "2011.09.30"]
[Round "2"]
[White "Huppertz, Anton"]
[Black "Renner, David"]
[Result "0-1"]
[ECO "A20"]
[WhiteElo "1346"]
[BlackElo "1651"]
[Annotator ",Fred"]
[PlyCount "130"]
[EventDate "2011.09.16"]
[TimeControl "40/7200:20/3600:1800"]

1. c4 e5 2. g3 Nf6 3. Bg2 d5 4. a3 dxc4 5. Qa4+ c6 6. Qxc4 Be6 7. Qc2 Nbd7 8.
b4 Be7 9. Bb2 Nd5 10. Nc3 O-O 11. Nf3 f6 12. O-O Rc8 13. d4 a5 14. bxa5 Qxa5
15. dxe5 fxe5 16. Ne4 Qc7 17. Neg5 Bf5 18. e4 Bg6 19. Ne6 Qb8 20. Nxf8 Rxf8 21.
Qc4 N7b6 22. Qe2 Nf6 23. Nxe5 Bh5 24. g4 Be8 25. h3 Kh8 26. f4 c5 27. Nc4 Bb5
28. Rac1 Nfd7 29. e5 Nxc4 30. Rxc4 Nb6 31. Rfc1 Rxf4 32. Be4 Nxc4 33. Rxc4 Bxc4
34. Qxc4 Qd8 35. Qe2 c4 36. Kh1 Bc5 37. Bf3 Qf8 38. Kg2 Bxa3 39. Bxa3 Qxa3 40.
Bxb7 Qe7 41. Kg3 Rd4 42. Bf3 c3 43. Qe3 Rc4 44. Qd3 Qxe5+ 45. Kg2 Qd4 46. Qe2
Rc8 47. Qc2 Qd2+ 48. Qxd2 cxd2 49. Bd1 Rc1 50. Ba4 d1=Q 51. Bxd1 Rxd1 52. Kg3
g5 53. Kf3 Kg7 54. Kf2 Kf6 55. Kf3 Ke5 56. Kg3 Ke4 57. Kf2 Rd3 58. Kg2 Kf4 59.
Kf2 Rd2+ 60. Ke1 Ke3 61. Kf1 Ra2 62. h4 gxh4 63. g5 Rb2 64. Kg1 Kf3 65. g6 hxg6
0-1

[Event "Stadtmeisterschaft Ulm/Neu-Ulm 2011"]
[Site "Ulm"]
[Date "2011.09.30"]
[Round "2"]
[White "Siebel, Wolfgang"]
[Black "Mattiessen, Irina"]
[Result "0-1"]
[ECO "D02"]
[WhiteElo "1376"]
[BlackElo "1580"]
[Annotator ",Fred"]
[PlyCount "94"]
[EventDate "2011.09.16"]
[TimeControl "40/7200:20/3600:1800"]

1. d4 d5 2. Nf3 Nf6 3. c3 e6 4. Bg5 Be7 5. Nbd2 Nbd7 6. e3 b6 7. Bd3 h6 8. Bxf6
Bxf6 9. O-O c5 10. Bb5 O-O 11. Bc6 Rb8 12. Qa4 Qc7 13. Rad1 a6 14. Bxd7 Qxd7
15. Qxd7 Bxd7 16. Ne5 Bxe5 17. dxe5 Rfd8 18. Rc1 Bc6 19. Nf3 Rb7 20. Rfd1 Rbd7
21. a3 Kf8 22. b4 Bb5 23. Rd2 Ke7 24. Ne1 Rc8 25. f4 cxb4 26. axb4 Rdc7 27.
Rdc2 f6 28. Kf2 Ba4 29. Ra2 Bb5 30. Rac2 Rc4 31. Kf3 Ba4 32. Ra2 b5 33. Nd3
Rxc3 34. Rxc3 Rxc3 35. Nc5 d4 36. exf6+ gxf6 37. Nxa4 Rxe3+ 38. Kf2 bxa4 39.
Rxa4 Rb3 40. Rxa6 Rxb4 41. Ra2 Kd6 42. Kf3 Kd5 43. Ra5+ Kc4 44. Ra6 d3 45. Rxe6
d2 46. Rd6 Kc3 47. Rc6+ Kd3 0-1

[Event "Stadtmeisterschaft Ulm/Neu-Ulm 2011"]
[Site "Ulm"]
[Date "2011.10.14"]
[Round "3"]
[White "Krassowizkij, Jaroslaw"]
[Black "Förderreuther, Jonas"]
[Result "1/2-1/2"]
[ECO "E63"]
[WhiteElo "2305"]
[BlackElo "1887"]
[Annotator ",Fred"]
[PlyCount "51"]
[EventDate "2011.09.16"]
[TimeControl "40/7200:20/3600:1800"]

1. c4 Nf6 2. d4 g6 3. g3 Bg7 4. Bg2 O-O 5. Nc3 d6 6. Nf3 a6 7. O-O Nc6 8. b3
Rb8 9. Nd5 e6 10. Nxf6+ Bxf6 11. Bh6 Re8 12. Qd2 e5 13. dxe5 dxe5 14. Rad1 Qxd2
15. Nxd2 Nd4 16. Ne4 Nxe2+ 17. Kh1 Bg7 18. Rfe1 Nd4 19. Rxd4 Bxh6 20. Nf6+ Kf8
21. Rh4 Re6 22. Nd5 Bg5 23. Rxh7 Kg8 24. Rh3 c6 25. Nb6 Re8 26. Nxc8 1/2-1/2

[Event "Stadtmeisterschaft Ulm/Neu-Ulm 2011"]
[Site "Ulm"]
[Date "2011.10.14"]
[Round "3"]
[White "Smolny, Frieder"]
[Black "Hoffart, Alexander"]
[Result "1-0"]
[ECO "E02"]
[WhiteElo "2090"]
[BlackElo "1802"]
[Annotator ",Fred"]
[PlyCount "91"]
[EventDate "2011.09.16"]
[TimeControl "40/7200:20/3600:1800"]

1. Nf3 d5 2. d4 Nf6 3. c4 e6 4. g3 Be7 5. Bg2 O-O 6. O-O Nbd7 7. Qc2 dxc4 8.
Qxc4 Nb6 9. Qc2 Bd7 10. Ne5 Nbd5 11. a3 Rc8 12. e4 Nb6 13. Nc3 c5 14. d5 exd5
15. exd5 Bd6 16. Nxd7 Qxd7 17. Rd1 h6 18. a4 a6 19. a5 Na8 20. Na4 Qc7 21. Bd2
Rfe8 22. Rac1 Nd7 23. h3 Ne5 24. f4 Nd7 25. Bc3 Re3 26. Qf2 Rce8 27. Re1 Rxe1+
28. Rxe1 Rxe1+ 29. Qxe1 Qd8 30. b3 Nc7 31. Nb2 Nb5 32. Nc4 Bf8 33. d6 Nxc3 34.
Qxc3 b5 35. axb6 Nxb6 36. Qa5 Bxd6 37. Qxb6 Bc7 38. Qxa6 g5 39. Qa8 Bb8 40. Qd5
Qe7 41. Ne5 gxf4 42. gxf4 Kg7 43. Bf1 Bxe5 44. Qxe5+ Qxe5 45. fxe5 Kg6 46. Bc4
1-0

[Event "Stadtmeisterschaft Ulm/Neu-Ulm 2011"]
[Site "Ulm"]
[Date "2011.10.14"]
[Round "3"]
[White "Borkert, Reginald"]
[Black "Schwab, Matthias"]
[Result "1/2-1/2"]
[ECO "B09"]
[WhiteElo "1881"]
[BlackElo "2001"]
[Annotator ",Fred"]
[PlyCount "66"]
[EventDate "2011.09.16"]
[TimeControl "40/7200:20/3600:1800"]

1. e4 g6 2. d4 Bg7 3. Nc3 d6 4. f4 Nf6 5. Nf3 O-O 6. Bd3 Nc6 7. e5 dxe5 8. dxe5
Nh5 9. Be3 Nb4 10. Be2 Bg4 11. a3 Qxd1+ 12. Kxd1 Rad8+ 13. Kc1 Nd5 14. Nxd5
Rxd5 15. Rd1 Rxd1+ 16. Kxd1 f6 17. h3 Bxf3 18. Bxf3 fxe5 19. f5 Rxf5 20. Ke1
Ng3 21. Bd5+ Kf8 22. Bc4 Rf6 23. Rd1 Rd6 24. Bxa7 Nf5 25. g4 Rxd1+ 26. Kxd1 Nd6
27. Be6 Ke8 28. c4 Kd8 29. b4 Ne4 30. Be3 Bf6 31. Kc2 Bg5 32. Kd3 Bxe3 33. Kxe4
Bf4 1/2-1/2

[Event "Stadtmeisterschaft Ulm/Neu-Ulm 2011"]
[Site "Ulm"]
[Date "2011.10.14"]
[Round "3"]
[White "Mayer, Arnd"]
[Black "Fett, Sabine"]
[Result "1-0"]
[ECO "A43"]
[WhiteElo "1950"]
[BlackElo "1618"]
[Annotator ",Fred"]
[PlyCount "41"]
[EventDate "2011.09.16"]
[TimeControl "40/7200:20/3600:1800"]

1. d4 c5 2. Nf3 cxd4 3. Nxd4 e5 4. Nb5 d5 5. Qxd5 Qxd5 6. Nc7+ Kd8 7. Nxd5 Bf5
8. c3 Nc6 9. Nd2 Nge7 10. Nxe7 Bxe7 11. e4 Bg6 12. f3 Kc7 13. Bc4 Rad8 14. Bd5
Bc5 15. Nc4 f6 16. b4 Bd6 17. Be3 b6 18. a4 Ne7 19. a5 Nxd5 20. exd5 b5 21. Na3
1-0

[Event "Stadtmeisterschaft Ulm/Neu-Ulm 2011"]
[Site "Ulm"]
[Date "2011.10.14"]
[Round "3"]
[White "Hörsch, Florian"]
[Black "Fleischer, Frank"]
[Result "0-1"]
[ECO "C07"]
[WhiteElo "1775"]
[BlackElo "2140"]
[Annotator ",Fred"]
[PlyCount "54"]
[EventDate "2011.09.16"]
[TimeControl "40/7200:20/3600:1800"]

1. e4 e6 2. d4 d5 3. Nd2 c5 4. exd5 Qxd5 5. Ngf3 cxd4 6. Bc4 Qd6 7. O-O Nc6 8.
Nb3 Nf6 9. Nbxd4 Nxd4 10. Qxd4 Bd7 11. Bf4 Qxd4 12. Nxd4 Rc8 13. Bb3 Bc5 14.
Rad1 O-O 15. Rfe1 h5 16. Nf3 Rfd8 17. Bd6 Bxd6 18. Rxd6 Bc6 19. Red1 Rxd6 20.
Rxd6 Kf8 21. Ne5 Bd5 22. c4 Ke7 23. Rxd5 Nxd5 24. Kf1 Nb6 25. Ke2 f6 26. Ng6+
Kf7 27. Nf4 Nxc4 0-1